 Dungeon Crawl Stone Soup version 0.27-a0-169-gd3d0dda1a4 (webtiles) character file.

Game seed: 5369057156179261481

18 Murumi the Conjurer (level 2, -2/24 HPs)
             Began as an Ogre Conjurer on Jan 28, 2021.
             Slain by a centaur (10 damage)
             ... on level 2 of the Dungeon.
             The game lasted 00:02:28 (1581 turns).

Murumi the Conjurer (Ogre Conjurer)                 Turns: 1581, Time: 00:02:30

Health: -2/24      AC:  3    Str: 10    XL:     2   Next: 66%
Magic:  4/6        EV: 10    Int: 19    God:
Gold:   154        SH:  0    Dex:  7    Spells: 4/7 levels left

rFire    . . .     SeeInvis .   l - +1 whip (elec)
rCold    . . .     Faith    .   (no shield)
rNeg     . . .     Spirit   .   a - +0 robe
rPois    .         Reflect  .   (helmet restricted)
rElec    .         Harm     .   (no cloak)
rCorr    .         Rampage  .   (gloves unavailable)
Will     .....                  (boots unavailable)
Stlth    ..........             (no amulet)
HPRegen  0.08/turn              e - ring of flight
MPRegen  0.10/turn              h - ring of attention (curse)

@: attractive
A: large, unfitting armour, tough skin 1
a: Evoke Flight


You were on level 2 of the Dungeon.
You visited 1 branch of the dungeon, and saw 2 of its levels.

You collected 154 gold pieces.

Inventory:

Hand Weapons
 i - a +0 club
 l - a +1 whip of electrocution (weapon)
Missiles
 d - 71 stones
 g - 8 poisoned darts
Armour
 a - a +0 robe (worn)
Jewellery
 e - a ring of flight (left hand)
 h - a cursed ring of attention (right hand)
Scrolls
 k - a scroll of fear
Potions
 c - a potion of lignification {unknown}
 f - a potion of invisibility {unknown}
 j - a potion of might {unknown}


   Skills:
 + Level 1.9 Dodging
 - Level 1.4 Stealth
 - Level 3.0 Spellcasting
 - Level 4.0 Conjurations


You had 4 spell levels left.
You knew the following spells:

 Your Spells              Type           Power        Failure   Level
a - Magic Dart            Conj           72%          3%          1
b - Searing Ray           Conj           36%          4%          2

Your spell library contained the following spells:

 Spells                   Type           Power        Failure   Level
 Dazzling Flash           Conj/Hex       20%          21%         3
 Fulminant Prism          Conj/Hex       5%           54%         4
 Iskenderun's Mystic Bla  Conj/Tloc      10%          54%         4


Dungeon Overview and Level Annotations

Branches:
Dungeon (2/15)

Altars:
Trog


Innate Abilities, Weirdness & Mutations

You are too large for most types of armour.
You have tough skin. (AC +1)


Message History

A centaur comes into view.
The centaur shouts!
The centaur wields a +0 shortbow.
The centaur shoots an arrow.
The arrow hits you!
Ouch! That really hurt!
Found 10 bolts.
You close the door.
It was a potion of attraction.
You feel attractive to monsters.
A centaur opens the door.
The centaur is pulled toward you!
Casting: Magic Dart (safe; 3% risk of failure)
Confirm with . or Enter, or press ? or * to list all spells.
Aiming: Searing Ray (safe; 4% risk of failure)
Press: ? - help, Shift-Dir - straight line, f - centaur
Aim: a centaur, wielding a +0 shortbow and quivering arrows (13% to evade)
The searing ray hits the centaur.
The centaur is lightly wounded. (Press . to maintain the ray.)
The centaur unwields a +0 shortbow.
The centaur hits you!
You die...

## #..###.# # ... #..###.#
# #.#####...##.# #
#............# #
#####..###..############
#...##.....##...##......
.....##...##.....#######
......#...#....)..#
.(....c@..')......#
......#...#.......# .....
#...##.....## #...
#...###...## ##### #...#
##### ##...###...###...##
##.....##...##.....##
#.......#...#.......#
#..[..†.'...'.......######


You could see a centaur.

Vanquished Creatures
  A leopard gecko (D:1)
  A giant cockroach (D:2)
  2 goblins (D:2)
  4 hobgoblins
  3 bats
  2 kobolds (D:2)
  A rat (D:1)
14 creatures vanquished.

Notes
Turn   | Place    | Note
-------+----------+-------------------------------------------
     0 | D:1      | Murumi the Ogre Conjurer began the quest for the Orb.
     0 | D:1      | Reached XP level 1. HP: 16/16 MP: 3/3
  1035 | D:2      | Found a bloodstained altar of Trog.
  1040 | D:2      | Reached skill level 4 in Conjurations
  1040 | D:2      | Reached XP level 2. HP: 24/24 MP: 2/5
  1098 | D:2      | Learned a level 2 spell: Searing Ray
  1578 | D:2      | Noticed a centaur
  1581 | D:2      | Slain by a centaur

Illustrated notes

Levels and vault maps discovered:
D:1:      co_arrival_square_in_a_square_in_a_square, layout_loops_ring,
          kennysheep_small_spiral
D:2:      kennysheep_six_static_rooms, layout_loops_corners,
          overflow_temple_1_default, nicolae_ru_awakened_eye

Skill      XL: |  1  2 |
---------------+-------+-----
Conjurations   | 4 |  4.0
Spellcasting   | 3 |  3.0
Dodging        | |  1.9
Stealth        | |  1.4

Action                   || total
-------------------------++-------
 Cast: Magic Dart        ||    28
       Searing Ray       ||     1
  Use: Scroll            ||     4
       Potion            ||     1
Armor: Robe              ||     3
Dodge: Dodged            ||     2

Table legend: (Time is in decaauts)
 A = Elapsed time spent in this place.
 B = Non-inter-level travel time spent in this place.
 C = Inter-level travel time spent in this place.
 D = Time resting spent in this place.
 E = Time spent auto-exploring this place.
 F = Levels seen in this place.
 G = Mean time per level.
                   A        B        C        D        E       F      G
               +--------+--------+--------+--------+--------+-----+--------+
         Total |   1583 |   1397 |    186 |      0 |   1311 |   2 |  791.5 |
       Dungeon |   1583 |   1397 |    186 |      0 |   1311 |   2 |  791.5 |
               +--------+--------+--------+--------+--------+-----+--------+

Top non-repeatable levels by time:
     D:1: 995 daAuts
     D:2: 588 daAuts
